 Dungeon Crawl Stone Soup version 0.24.1 (webtiles) character file.

Game seed: 6077113546040350323, levelgen mode: deterministic

90 Destapler the Grave Robber (level 4, 0/24 HPs)
             Began as a Deep Elf Necromancer on Mar 29, 2020.
             Succumbed to an adder's poison
             ... on level 3 of the Dungeon.
             The game lasted 00:12:17 (2995 turns).

Destapler the Grave Robber (Deep Elf Necromancer)   Turns: 2995, Time: 00:12:17

Health: 0/24       AC:  3    Str:  5    XL:     4   Next: 32%
Magic:  12/12      EV: 12    Int: 21    God:
Gold:   78         SH:  2    Dex: 15    Spells: 7/11 levels left

rFire    . . .     SeeInvis .   b - +1 dagger
rCold    . . .     Gourm    .   t - -1 buckler (curse)
rNeg     . . .     Faith    .   a - +0 robe
rPois    .         Spirit   .   (no helmet)
rElec    .         Reflect  .   (no cloak)
rCorr    .         Harm     .   (no gloves)
MR       .....     Rnd*Rage +   (no boots)
Stlth    ++........             (no amulet)
HPRegen  0.08/turn              (no ring)
MPRegen  0.13/turn              (no ring)

@: lethally poisoned (0 -> -9)
A: berserk 1, deterioration 1, shaggy fur 1, MP-powered wands
a: no special abilities


You were on level 3 of the Dungeon.
You were not hungry.

You visited 1 branch of the dungeon, and saw 3 of its levels.

You collected 78 gold pieces.

Inventory:

Hand Weapons
 b - a +1 dagger (weapon)
Missiles
 j - 35 stones (quivered)
 l - 25 poisoned darts
Armour
 a - a +0 robe (worn)
 r - a +0 shield
 t - a cursed -1 buckler (worn)
Scrolls
 g - 2 scrolls of identify
 i - 2 scrolls of fog
 k - a scroll of blinking
 p - a scroll of enchant weapon
Potions
 n - a potion of flight
 o - a potion of might {unknown}
Comestibles
 c - 4 rations
 m - 6 chunks of flesh


   Skills:
 - Level 3.0 Dodging
 - Level 3.0 Stealth
 + Level 0.2 Shields
 + Level 4.0 Spellcasting
 * Level 6.0 Necromancy


You had 7 spell levels left.
You knew the following spells:

 Your Spells              Type           Power        Failure   Level  Hunger
a - Pain                  Necr           ####         1%          1    None
R - Regeneration          Chrm/Necr      ###.......   17%         3    ###....

Your spell library contained the following spells:

 Spells                   Type           Power        Failure   Level  Hunger
 Animate Skeleton         Necr           N/A          1%          1    None
 Vampiric Draining        Necr           ####......   4%          3    ###....
 Animate Dead             Necr           N/A          16%         4    ####...


Dungeon Overview and Level Annotations

Branches:
Dungeon (3/15)

Altars:
Dithmenos
Trog

Annotations:
D:1 exclusion: door


Innate Abilities, Weirdness & Mutations

You tend to lose your temper in combat.
Your body sometimes deteriorates upon taking damage.
You are covered in fur. (AC +1)
You expend magic power (3 MP) to strengthen your wands.


Message History

You hit the adder but do no damage.
The adder is severely wounded.
* * * LOW HITPOINT WARNING * * *
You feel sick. The adder bites you.
* * * LOW HITPOINT WARNING * * *
It was a potion of agility.
You feel agile all of a sudden.
* * * LOW HITPOINT WARNING * * *
You feel sick. The adder closely misses you. The adder bites you.
* * * LOW HITPOINT WARNING * * *
It was a potion of mutation.
You feel extremely strange.
You feel yourself wasting away.
You feel a little pissed off.
You feel your magical essence link to the dungeon's wands.
Fur sprouts all over your body. The adder completely misses you.
It was a potion of cancellation.
Your magical effects are unravelling.
You feel magically purged.
You feel a little less agile now.
You die...

. #### .. ..#
... ... ..#
#.####.... #<#
#......... #.#
#.@?......
#.#####S........
#.#...#.####....
###.#...#.# ...
#.......#.# #
#..####.#.###
#.....#.....#
#รท#...#.....###
#.#...#.........


You could see an adder.

Vanquished Creatures
  An adder (D:2)
  2 oozes
  A worm (D:3)
  3 dart slugs
  2 leopard geckos
  7 bats
  3 giant cockroaches
  7 goblins
  6 hobgoblins
  8 jackals
  2 quokkas (D:2)
  2 ball pythons (D:2)
  3 frilled lizards
  5 kobolds
  8 rats
60 creatures vanquished.

Notes
Turn   | Place    | Note
-------+----------+-------------------------------------------
     0 | D:1      | Destapler the Deep Elf Necromancer began the quest for the
                  | Orb.
     0 | D:1      | Reached XP level 1. HP: 10/10 MP: 6/6
    88 | D:1      | Reached skill level 5 in Necromancy
   464 | D:1      | Reached XP level 2. HP: 13/15 MP: 8/8
  1204 | D:1      | Reached XP level 3. HP: 9/19 MP: 0/9
  1287 | D:1      | Learned a level 3 spell: Regeneration
  1989 | D:2      | Found a shadowy altar of Dithmenos.
  2113 | D:2      | Found a bloodstained altar of Trog.
  2418 | D:2      | Reached XP level 4. HP: 21/24 MP: 6/11
  2761 | D:2      | Reached skill level 6 in Necromancy
  2993 | D:3      | HP: 1/24 [adder (2)]
  2994 | D:3      | Gained mutation: Your body sometimes deteriorates upon
                  | taking damage. [potion of mutation]
  2994 | D:3      | Gained mutation: You tend to lose your temper in combat.
                  | [potion of mutation]
  2994 | D:3      | Gained mutation: You expend magic power (3 MP) to
                  | strengthen your wands. [potion of mutation]
  2994 | D:3      | Gained mutation: You are covered in fur. (AC +1) [potion of
                  | mutation]
  2995 | D:3      | Succumbed to an adder's poison

Levels and vault maps discovered:
D:1:      minmay_arrival_four_houses, layout_loops_corners
D:2:      layout_basic, lemuel_doored_altar, grunt_dithmenos_smoke_and_mirrors
D:3:      layout_basic, first_ration

Skill      XL: |  1  2  3  4 |
---------------+-------------+-----
Necromancy     | 5 6 |  6.0
Stealth        | 3 |  3.0
Dodging        | 3 |  3.0
Spellcasting   | 4 |  4.0
Shields        | |  0.2

Action                   |  1- 3 |  4- 6 || total
-------------------------+-------+-------++-------
Melee: Dagger            |    50 |    30 ||    80
       Unarmed           |     3 |       ||     3
 Cast: Pain              |    64 |    10 ||    74
       Regeneration      |     5 |     2 ||     7
  Use: Scroll            |       |     7 ||     7
       Potion            |       |     4 ||     4
 Stab: Sleeping          |     5 |     5 ||    10
  Eat: Chunk             |     5 |     2 ||     7
Armor: Robe              |    14 |     7 ||    21
Dodge: Dodged            |    48 |    33 ||    81
